 Dungeon Sprint DCSS version 0.23-a0-635-g88ca12a (webtiles) character file.

722 Lanoc the Grappler (level 7, -20/68 HPs)
             Began as a Troll Monk on Dec 27, 2018.
             Was a Believer of Jiyva.
             Demolished by a polar bear (23 damage)
             ... in the Dungeon (Sprint II: "The Violet Keep of Menkaure").
             The game lasted 00:02:09 (148 turns).

Lanoc the Grappler (Troll Monk)                      Turns: 148, Time: 00:02:10

Health: -20/68     AC:  5    Str: 18    XL:     7   Next: 43%
Magic:  4/4        EV: 12    Int:  4    God:    Jiyva [**....]
Gold:   243        SH:  0    Dex: 10    Spells: 6/6 levels left

rFire    . . .     SeeInvis .     - Unarmed
rCold    . . .     Gourm    +   (no shield)
rNeg     . . .     Faith    .   a - +0 robe
rPois    .         Spirit   .   (helmet restricted)
rElec    .         Reflect  .   (no cloak)
rCorr    .         Harm     .   (gloves unavailable)
MR       .....     NoTele   +   (boots unavailable)
Stlth    +.........             (no amulet)
HPRegen  0.61/turn              (no ring)
MPRegen  0.09/turn              (no ring)

@: lethally poisoned (-20 -> -21), hasted and slowed
A: large, unfitting armour, claws 3, clumsy 1, dopey 1, fast metabolism 3, frail
1, gourmand, low mp 2, regeneration 1, screaming 1, shaggy fur 1, tough skin 2,
weak 2, no potion heal 1
a: Request Jelly, Renounce Religion


You were in the Dungeon.
You worshipped Jiyva.
Jiyva was pleased with you.
You were not hungry.

You visited 1 branch You collected 243 gold pieces.

Inventory:

Armour
 a - a +0 robe (worn)
Scrolls
 h - a scroll of blinking
Potions
 c - a potion of curing
 f - 2 potions of magic
Comestibles
 b - 2 rations


   Skills:
 + Level 6.6 Fighting
 + Level 6.0 Armour
 + Level 6.6 Dodging
 - Level 1.0 Stealth
 * Level 10.7 Unarmed Combat


You had 6 spell levels left.
You didn't know any spells.
Your spell library was empty.

Dungeon Overview and Level Annotations

Branches:
Dungeon (1/1)

Altars:
Cheibriados
Dithmenos
Elyvilon
Fedhas
Gozag
Hepliaklqana
Kikubaaqudgha
Makhleb
Nemelex Xobeh
Okawaru
Qazlal
Ru
Sif Muna
Trog
Uskayaw
Vehumet
Wu Jian
Xom
Yredelemnul
Zin
The Shining One
Beogh
Jiyva
Lugonu

Annotations:
D Menkaure


Innate Abilities, Weirdness & Mutations

You are too large for most types of armour.
You have claws for hands.
Your metabolism is lightning-fast.
You like to eat raw meat.
Your natural rate of healing is unusually fast.
You are covered in fur. (AC +1)
You have very tough skin. (AC +2)
You are clumsy. (Dex -2)
You are dopey. (Int -2)
You are frail. (-10% HP)
Your magical capacity is very low. (-20% MP)
You occasionally shout uncontrollably at your foes.
You are very weak. (Str -4)
Potions are less effective at restoring your health.


Message History

The hornet stings you.
You feel yourself slow down. The polar bear closely misses you.
The polar bear claws you but does no damage.
The polar bear claws you.
You claw the polar bear!
The polar bear is almost dead.
The hornet stings you but does no damage.
The polar bear barely misses you.
The polar bear claws you but does no damage.
The polar bear claws you! The hornet stings you!
* * * LOW HITPOINT WARNING * * *
You are poisoned.
You feel as though you will be slow longer.
The polar bear bites you!
* * * LOW HITPOINT WARNING * * *
The polar bear claws you but does no damage.
The polar bear closely misses you.
You feel yourself speed up.
You feel sick. The hornet closely misses you. The polar bear bites you!!
You die...

.#.5#....# ...# .††####3.##
#..# $# ??$ #†###.##..# +..#
.#▓?!)([ #3##..##..# #..#
.#▓$!"(?! .<553##'..###
..##.#▓!$"[!![
#.##.#.#....###..c##▓▓▓▓▓▓▓+
#+# #5##......≈Mhh≈≈≈≈≈≈≈≈≈
###≈≈.....≈#y########+###
#§§≈≈≈≈≈..§#@h_.....#≈≈§#
#≈≈≈≈§≈≈≈.§#._._....#≈≈§≈
#≈≈≈≈≈§§≈≈≈§#_._._...#≈§§§
≈≈≈≈§≈§≈≈§§≈#._._._..#≈≈§≈
++#§≈§§≈≈≈§≈#_._._._.#§§§§
## §§###§≈#._._._._#t§§§
#≈≈#.._._._.#t§≈≈
#≈≈#._._._..#§≈≈≈
§§§§§##########§≈≈§


You could see 3 polar bears, a yaktaur, a hornet and Menkaure.

Vanquished Creatures
  4 neqoxecs (D)
  4 necrophages (D)
8 creatures vanquished.

Vanquished Creatures (others)
  A crocodile (D)
  A jelly (D)
2 creatures vanquished.

Grand Total: 10 creatures vanquished

Notes
Turn   | Place    | Note
-------+----------+-------------------------------------------
     0 | D        | Lanoc the Troll Monk began the quest for the Orb.
     0 | D        | Reached XP level 1. HP: 22/22 MP: 0/0
     1 | D        | Noticed a necrophage
     1 | D        | Noticed a necrophage
     1 | D        | Noticed a necrophage
     1 | D        | Noticed a necrophage
     4 | D        | Killed a necrophage
     4 | D        | Reached skill level 6 in Unarmed Combat
     4 | D        | Reached XP level 2. HP: 32/32 MP: 1/1
     4 | D        | Reached XP level 3. HP: 39/39 MP: 2/2
     4 | D        | Reached XP level 4. HP: 48/48 MP: 3/3
    10 | D        | Killed a necrophage
    10 | D        | Reached skill level 7 in Unarmed Combat
    10 | D        | Reached XP level 5. HP: 55/55 MP: 4/4
    13 | D        | Killed a necrophage
    13 | D        | Reached skill level 5 in Fighting
    13 | D        | Reached skill level 5 in Dodging
    13 | D        | Reached skill level 8 in Unarmed Combat
    19 | D        | Killed a necrophage
    19 | D        | Reached skill level 9 in Unarmed Combat
    19 | D        | Reached XP level 6. HP: 66/66 MP: 5/5
    57 | D        | Noticed a neqoxec
    57 | D        | Noticed a neqoxec
    57 | D        | Noticed a neqoxec
    57 | D        | Noticed a neqoxec
    60 | D        | Gained mutation: You are clumsy. (Dex -2) [a neqoxec]
    61 | D        | Gained mutation: Your magical capacity is low. (-10% MP) [a
                  | neqoxec]
    69 | D        | Noticed Menkaure
    78 | D        | Found a radiant altar of Vehumet.
    78 | D        | Found an iron altar of Okawaru.
    79 | D        | Found a sparkling altar of Nemelex Xobeh.
    79 | D        | Found a hide-covered altar of Uskayaw.
    79 | D        | Found a glowing silver altar of Zin.
    80 | D        | Found an opulent altar of Gozag.
    80 | D        | Found a burning altar of Makhleb.
    80 | D        | Found a bloodstained altar of Trog.
    81 | D        | Found a blossoming altar of Fedhas.
    81 | D        | Found a corrupted altar of Lugonu.
    81 | D        | Found a basalt altar of Yredelemnul.
    81 | D        | Found a deep blue altar of Sif Muna.
    82 | D        | Found a white marble altar of Elyvilon.
    82 | D        | Found an ancient bone altar of Kikubaaqudgha.
    83 | D        | Found a shadowy altar of Dithmenos.
    83 | D        | Found a viscous altar of Jiyva.
    84 | D        | Found a snail-covered altar of Cheibriados.
    86 | D        | Found a roughly hewn altar of Beogh.
    86 | D        | Found a shimmering altar of Xom.
    86 | D        | Found a sacrificial altar of Ru.
    86 | D        | Found a hazy altar of Hepliaklqana.
    87 | D        | Found a glowing golden altar of the Shining One.
    87 | D        | Found an ornate altar of the Wu Jian Council.
    87 | D        | Found a stormy altar of Qazlal.
   102 | D        | Noticed a flying skull
   102 | D        | Gained mutation: You are frail. (-10% HP) [a neqoxec]
   103 | D        | Became a worshipper of Jiyva Jepu the Shapeless
   103 | D        | Reached * piety under Jiyva
   103 | D        | Reached ** piety under Jiyva
   108 | D        | Killed a neqoxec
   108 | D        | Reached skill level 5 in Armour
   111 | D        | Gained mutation: Your magical capacity is very low. (-20%
                  | MP) [a neqoxec]
   114 | D        | Killed a neqoxec
   114 | D        | Reached skill level 10 in Unarmed Combat
   114 | D        | Reached XP level 7. HP: 60/67 MP: 4/4
   116 | D        | Gained mutation: You are weak. (Str -2) [a neqoxec]
   119 | D        | Gained mutation: Potions are less effective at restoring
                  | your health. [a neqoxec]
   120 | D        | Gained mutation: You are dopey. (Int -2) [a neqoxec]
   121 | D        | Killed a neqoxec
   124 | D        | Gained mutation: You are very weak. (Str -4) [a neqoxec]
   126 | D        | Gained mutation: You occasionally shout uncontrollably at
                  | your foes. [a neqoxec]
   128 | D        | Killed a neqoxec
   131 | D        | Noticed a flying skull
   131 | D        | Noticed a flying skull
   133 | D        | Noticed a flying skull
   134 | D        | Noticed a flying skull
   134 | D        | Noticed a flying skull
   134 | D        | Noticed a flying skull
   135 | D        | Noticed a flying skull
   137 | D        | Noticed a flying skull
   138 | D        | Noticed a polar bear
   139 | D        | Noticed a hornet
   140 | D        | Noticed a yaktaur
   141 | D        | Noticed a polar bear
   141 | D        | Noticed a polar bear
   148 | D        | HP: 3/68 [poisoned by a hornet]
   148 | D        | Demolished by a polar bear

Vault maps used:
D:        the_violet_keep_of_menkaure

Skill      XL: |  1  2  3  4  5  6  7 |
---------------+----------------------+-----
Fighting       | 3 4 5 6 |  6.6
Armour         | 2 3 4 5 6 |  6.0
Dodging        | 3 4 5 6 |  6.6
Unarmed Combat | 6 7 9 10 | 10.7
Stealth        | |  1.0

Action                   |  1- 3 |  4- 6 |  7- 9 || total
-------------------------+-------+-------+-------++-------
Melee: Unarmed           |     2 |    33 |    20 ||    55
       Punch             |       |       |     1 ||     1
  Use: Potion            |     1 |     1 |     1 ||     3
Armor: Robe              |       |    15 |    16 ||    31
Dodge: Dodged            |       |    40 |    33 ||    73

Table legend:
 A = Non-vault XP
 B = Vault XP
 C = Vault XP percentage of total XP
 D = Non-vault monster count
 E = Vault monster count
 F = Vault count percentage of total count
                 A         B        C        D         E       F
            +---------+---------+-------+---------+---------+-------
      Total |       0 |    1032 | 100.0 |       0 |       8 | 100.0
            +---------+---------+-------+---------+---------+-------
          D |       0 |    1032 | 100.0 |       0 |       8 | 100.0
            +---------+---------+-------+---------+---------+-------
